 Dungeon Crawl Stone Soup version 0.19.5 (webtiles) character file.

156 StupidDan the Ducker (level 5, -1/53 HPs)
             Began as a Troll Fighter on May 6, 2017.
             Was an Initiate of Dithmenos.
             Slain by a hobgoblin
             ... wielding a +0 club
             ... led by Robin
              (2 damage)
             ... on level 3 of the Dungeon.
             The game lasted 00:22:11 (2021 turns).

StupidDan the Ducker (Troll Fighter)                Turns: 2021, Time: 00:22:15

Health: -1/53      AC:  5    Str: 25    XL:     5   Next: 15%
Magic:  0/4        EV:  8    Int:  4    God:    Dithmenos [......]
Gold:   45         SH:  8    Dex:  9    Spells: 0 memorised, 4 levels left

rFire  . . .     SeeInvis .     s - +1 rapier (venom)
rCold  + . .     Gourm    +     k - +0 robe
rNeg   + . .     Faith    .     w - +0 shield
rPois  .         Spirit   +     (helmet restricted)
rElec  .         Reflect  .     (no cloak)
rCorr  .         Harm     .     (gloves unavailable)
MR     .....                    (boots unavailable)
Stlth  +.........               h - amulet of guardian spirit
                                t - ring of positive energy
                                x - ring of protection from cold

@: hasted, drained, very quick
A: unfitting armour, claws 3, fast metabolism 3, gourmand, regeneration 1,
shaggy fur 1, tough skin 2
a: Renounce Religion


You were on level 3 of the Dungeon.
You worshipped Dithmenos.
Dithmenos was noncommittal.
You were full.

You visited 1 branch of the dungeon, and saw 3 of its levels.

You collected 45 gold pieces.

Inventory:

Hand Weapons
 a - a +0 flail
 s - a +1 rapier of venom (weapon)
Missiles
 r - 112 stones (quivered)
Armour
 k - a +0 robe (worn)
 w - a +0 shield (worn)
Jewellery
 g - an uncursed ring of fire
 h - an amulet of guardian spirit (around neck)
 t - a ring of positive energy (right claw)
 x - a ring of protection from cold (left claw)
Scrolls
 c - a scroll of magic mapping {unknown}
 i - a scroll of remove curse
 o - 2 scrolls of recharging {unknown}
 p - 2 scrolls of amnesia {unknown}
 q - a scroll of immolation {unknown}
 v - a scroll of identify {unknown}
Potions
 b - a potion of haste
 d - a potion of might
 e - a potion of lignification {unknown}
 j - a potion of flight {unknown}
 l - a potion of invisibility {unknown}
 m - a potion of curing {unknown}
Comestibles
 f - 2 bread rations
 n - a chunk of flesh
 u - a beef jerky


   Skills:
 + Level 3.0(2.0) Fighting
 * Level 1.6(0.6) Short Blades
 - Level 2.0(1.0) Maces & Flails
 + Level 3.3(2.3) Dodging
 + Level 3.1(2.1) Shields


You had 4 spell levels left.
You didn't know any spells.

Dungeon Overview and Level Annotations

Branches:
Dungeon (3/15)

Altars:
Dithmenos
Kikubaaqudgha

Annotations:
D:3 Robin


Innate Abilities, Weirdness & Mutations

You are too large for most types of armour.
You have claws for hands.
Your metabolism is lightning-fast.
You like to eat raw meat.
Your natural rate of healing is unusually fast.
You are covered in fur. (AC +1)
You have very tough skin. (AC +2)


Message History

The goblin barely misses you. The hobgoblin hits you with a club.
* * * LOW HITPOINT WARNING * * *
Robin roars a battlecry!
The hobgoblin goes into a battle-frenzy!
The goblin barely misses you. You block the goblin's attack. x2
You barely miss the goblin. Robin closely misses you.
The hobgoblin hits you with a club!
* * * LOW HITPOINT WARNING * * *
The goblin barely misses you. The goblin closely misses you.
You block the goblin's attack. The hobgoblin closely misses you.
Robin hits you with a falchion of holy wrath.
* * * LOW HITPOINT WARNING * * *
It was a potion of haste.
You feel yourself speed up.
The goblin no longer looks unusually strong.
You block the goblin's attack. The goblin closely misses you.
The goblin hits you with a club.
* * * LOW HITPOINT WARNING * * *
Robin says, "A pitiful Troll like you will never find the ORB!"
Robin throws the goblin at you! The hobgoblin hits you with a club.
You die...

.. ##.## .%. ##...##
...###.....#####
....#.......#...
........_.....#
#.)(....# ##.(g..##
######gg.##
#....##@###
#.....ggg<#
#.........#
#.........#
#...#######
###...##### . ######
#.........#######...
.....#
#.........#....(....
.....#
#.........))........


You could see Robin, 2 hobgoblins and 3 goblins.

Vanquished Creatures
  An orc priest (D:3)
  An orc wizard (D:3)
  An adder (D:2)
  An ooze (D:1)
  A worm (D:3)
  A dart slug (D:1)
  A leopard gecko (D:1)
  3 orcs (D:3)
  3 giant cockroaches
  12 goblins
  9 hobgoblins
  10 jackals (D:2)
  A quokka (D:3)
  5 bats
  7 frilled lizards
  8 kobolds
  3 rats
68 creatures vanquished.

Notes
Turn   | Place    | Note
-------+----------+-------------------------------------------
     0 | D:1      | StupidDan the Troll Fighter began the quest for the Orb.
     0 | D:1      | Reached XP level 1. HP: 22/22 MP: 0/0
   217 | D:1      | Reached XP level 2. HP: 24/29 MP: 1/1
   674 | D:1      | Reached XP level 3. HP: 36/36 MP: 2/2
  1524 | D:2      | Reached XP level 4. HP: 44/44 MP: 3/3
  1554 | D:2      | Found a shadowy altar of Dithmenos.
  1605 | D:2      | Became a worshipper of Dithmenos the Shadowed
  1949 | D:3      | Reached skill level 1 in Short Blades
  1962 | D:3      | Reached XP level 5. HP: 31/53 MP: 2/4
  1991 | D:3      | Found an ancient bone altar of Kikubaaqudgha.
  1998 | D:3      | Noticed Robin
  2020 | D:3      | HP: 2/53 [Robin/falchion of holy wrath (1)]
  2021 | D:3      | Slain by a hobgoblin

Skill      XL: |  1  2  3  4 |
---------------+-------------+-----
Maces & Flails | 2 |  2.0
Dodging        | 3 |  3.3
Shields        | 3 |  3.1
Short Blades   | 1 |  1.6
Fighting       | 3 |  3.0

Action                   |  1- 3 |  4- 6 || total
-------------------------+-------+-------++-------
Melee: Flail             |   111 |       ||   111
       Rapier            |    24 |    37 ||    61
Throw: Stone             |       |     1 ||     1
  Use: Scroll            |     1 |     1 ||     2
       Potion            |       |     1 ||     1
  Eat: Chunk             |    15 |     2 ||    17
       Meat ration       |     1 |       ||     1
Armor: Robe              |   104 |    17 ||   121
Dodge: Dodged            |    91 |    23 ||   114
Block: Shield            |   122 |    40 ||   162
